| TOP OF THE 1ST |
|
University of Nebraska Cornhuskers batting - Pitching for University of Maine Black Bears : RHP Emmanuel Godfrey
|
|
Pitching: RHP Emmanuel Godfrey
|
|
|
Batting: LHB Duda Pinho
|
0-0: Hit by Pitch
|
|
Batting: SHB Jim Lloyd
|
0-0: Fly out, F2 (Popup, 2LF, EV 96.2 MPH)
|
|
Batting: SHB Karl Starnes
|
0-0: Ball 1-0: Foul Ball, location: 2F 1-1: Ball Duda Pinho is caught stealing 2nd base 2-6 2-1: Foul Ball, location: 2F 2-2: Strikes out looking
|
| Top of the 1st over - 0 runs, 0 hits, 0 errors, 0 left on base; University of Nebraska 0 - University of Maine 0 |
| BOTTOM OF THE 1ST |
|
University of Maine Black Bears batting - Pitching for University of Nebraska Cornhuskers : RHP David Strom
|
|
Pitching: RHP David Strom
|
|
|
Batting: SHB Terrence Bryant
|
0-0: Ball 1-0: SINGLE (Groundball, 25, EV 63.1 MPH) (infield hit)
|
|
Batting: RHB Juan Bonilla
|
0-0: Ball Terrence Bryant steals 2nd base 1-0: Foul Ball, location: 2F 1-1: Swinging Strike 1-2: Foul Ball, location: 2F 1-2: Ball 2-2: Ball 3-2: Base on Balls
|
|
Batting: RHB Ruben Domingues
|
0-0: Ball 1-0: Foul Ball, location: 2F 1-1: Fly out, F8 (Flyball, 8RD, EV 83.1 MPH)
|
|
Batting: RHB Jeff McClellan
|
0-0: Called Strike 0-1: Ball 1-1: Fly out, F8 (Line Drive, 8LD, EV 104.4 MPH)
|
|
Batting: RHB Konrad van Oosterhout
|
0-0: Ball 1-0: Called Strike 1-1: Called Strike 1-2: Foul Ball, location: 2F 1-2: Foul Ball, location: 2F 1-2: Ball 2-2: Foul Ball, location: 2F 2-2: Strikes out swinging
|
| Bottom of the 1st over - 0 runs, 1 hit, 0 errors, 2 left on base; University of Nebraska 0 - University of Maine 0 |
| TOP OF THE 2ND |
|
University of Nebraska Cornhuskers batting - Pitching for University of Maine Black Bears : RHP Emmanuel Godfrey
|
|
Batting: RHB Jose Zuniga
|
0-0: SINGLE (Groundball, 4MD, EV 95.6 MPH)
|
|
Batting: RHB Francisco Marin
|
0-0: Ball 1-0: SINGLE (Flyball, 8RS, EV 90.6 MPH) Jose Zuniga to second
|
|
Batting: RHB Hanley Hernandez
|
0-0: Called Strike 0-1: Ball 1-1: Called Strike 1-2: Foul Ball, location: 2F 1-2: Grounds into double play, 5-4-3 (Groundball, 56S, EV 81.2 MPH) Jose Zuniga to third
|
|
Batting: RHB Doug Thornsberry
|
0-0: Called Strike 0-1: Ground out 1-3 (Groundball, 34S, EV 66.9 MPH)
|
| Top of the 2nd over - 0 runs, 2 hits, 0 errors, 1 left on base; University of Nebraska 0 - University of Maine 0 |
| BOTTOM OF THE 2ND |
|
University of Maine Black Bears batting - Pitching for University of Nebraska Cornhuskers : RHP David Strom
|
|
Batting: RHB Ignacio Zapata
|
0-0: Foul Ball, location: 2F 0-1: Foul Ball, location: 2F 0-2: Ball 1-2: Strikes out looking
|
|
Batting: SHB Jeremy Milner
|
0-0: Ball 1-0: Called Strike 1-1: Fly out, F8 (Flyball, 8LS, EV 79.4 MPH)
|
|
Batting: RHB Jesus Escobedo
|
0-0: Ball 1-0: Fly out, F8 (Line Drive, 8LM, EV 93.1 MPH)
|
| Bottom of the 2nd over - 0 runs, 0 hits, 0 errors, 0 left on base; University of Nebraska 0 - University of Maine 0 |
| TOP OF THE 3RD |
|
University of Nebraska Cornhuskers batting - Pitching for University of Maine Black Bears : RHP Emmanuel Godfrey
|
|
Batting: RHB Malcolm McCauley
|
0-0: Called Strike 0-1: Swinging Strike 0-2: Ball 1-2: Foul Ball, location: 2F 1-2: SINGLE (Groundball, 5S, EV 67.5 MPH) (infield hit)
|
|
Batting: RHB Hsien-feng Que
|
0-0: Ball 1-0: Ball 2-0: SINGLE (Flyball, 3D, EV 92.5 MPH) Malcolm McCauley to second
|
|
Batting: LHB Duda Pinho
|
0-0: Ground out 4-3 (Groundball, 4S, EV 62.5 MPH) Malcolm McCauley to third Hsien-feng Que to second
|
|
Batting: SHB Jim Lloyd
|
0-0: Ball 1-0: Swinging Strike 1-1: Swinging Strike 1-2: Ball 2-2: DOUBLE (Line Drive, 78D, EV 105.0 MPH) Malcolm McCauley scores Hsien-feng Que scores
|
|
Batting: SHB Karl Starnes
|
0-0: SINGLE (Groundball, 4D, EV 95.0 MPH) Jim Lloyd to third
|
|
Batting: RHB Jose Zuniga
|
0-0: Ball 1-0: Ball 2-0: Called Strike 2-1: Foul Ball, location: 2F 2-2: Strikes out swinging
|
|
Batting: RHB Francisco Marin
|
0-0: Foul Ball, location: 2F 0-1: Ball 1-1: Called Strike 1-2: Strikes out swinging
|
| Top of the 3rd over - 2 runs, 4 hits, 0 errors, 2 left on base; University of Nebraska 2 - University of Maine 0 |
| BOTTOM OF THE 3RD |
|
University of Maine Black Bears batting - Pitching for University of Nebraska Cornhuskers : RHP David Strom
|
|
Batting: LHB Jeremy Nuzzo
|
0-0: Ball 1-0: DOUBLE (Flyball, 78D, EV 101.2 MPH)
|
|
Batting: SHB Terrence Bryant
|
0-0: Called Strike 0-1: SINGLE (Line Drive, 6MD, EV 93.8 MPH) Jeremy Nuzzo to third
|
|
Batting: RHB Juan Bonilla
|
0-0: Called Strike 0-1: Fly out, F5 (Flyball, 5D, EV 81.9 MPH)
|
|
Batting: RHB Ruben Domingues
|
0-0: Ball 1-0: Called Strike 1-1: Ball 2-1: Ball 3-1: Foul Ball, location: 2F 3-2: SINGLE (Line Drive, 9S, EV 101.2 MPH) Jeremy Nuzzo scores Terrence Bryant to second
|
|
Batting: RHB Jeff McClellan
|
0-0: Ball 1-0: Ball 2-0: Called Strike 2-1: Called Strike 2-2: DOUBLE (Line Drive, 5D, EV 98.8 MPH) Terrence Bryant scores Ruben Domingues to third
|
|
Batting: RHB Konrad van Oosterhout
|
0-0: Ball 1-0: Called Strike 1-1: Fly out, F9 (Flyball, 89M, EV 76.9 MPH) Runner from 3rd tags up, SCORES, throw by RF
|
|
Batting: RHB Ignacio Zapata
|
0-0: Fly out, F5 (Line Drive, 56, EV 81.2 MPH)
|
| Bottom of the 3rd over - 3 runs, 4 hits, 0 errors, 1 left on base; University of Nebraska 2 - University of Maine 3 |
| TOP OF THE 4TH |
|
University of Nebraska Cornhuskers batting - Pitching for University of Maine Black Bears : RHP Emmanuel Godfrey
|
|
Batting: RHB Hanley Hernandez
|
0-0: Foul Ball, location: 2F 0-1: Ball 1-1: Swinging Strike 1-2: Ball 2-2: Ground out U3 (Groundball, 3, EV 88.8 MPH)
|
|
Batting: RHB Doug Thornsberry
|
0-0: Ground out 4-3 (Groundball, 4D, EV 103.1 MPH)
|
|
Batting: RHB Malcolm McCauley
|
0-0: Ball 1-0: Swinging Strike 1-1: Ball 2-1: Fly out, F6 (Line Drive, 6, EV 65.6 MPH)
|
| Top of the 4th over - 0 runs, 0 hits, 0 errors, 0 left on base; University of Nebraska 2 - University of Maine 3 |
| BOTTOM OF THE 4TH |
|
University of Maine Black Bears batting - Pitching for University of Nebraska Cornhuskers : RHP David Strom
|
|
Batting: SHB Jeremy Milner
|
0-0: Reached on error, E6 (Groundball, 6M, EV 90.0 MPH)
|
|
Batting: RHB Jesus Escobedo
|
0-0: Ball 1-0: Swinging Strike 1-1: Ball 2-1: Foul Ball, location: 2F 2-2: Fly out, F8 (Line Drive, 8RS, EV 92.5 MPH)
|
|
Batting: LHB Jeremy Nuzzo
|
0-0: Ball 1-0: Ball 2-0: Foul Ball, location: 2F 2-1: Foul Ball, location: 2F 2-2: Foul Ball, location: 2F 2-2: Ball 3-2: Grounds into double play, 5-4-3 (Groundball, 5, EV 85.0 MPH)
|
| Bottom of the 4th over - 0 runs, 0 hits, 1 error, 0 left on base; University of Nebraska 2 - University of Maine 3 |
| TOP OF THE 5TH |
|
University of Nebraska Cornhuskers batting - Pitching for University of Maine Black Bears : RHP Emmanuel Godfrey
|
|
Batting: RHB Hsien-feng Que
|
0-0: Called Strike 0-1: Swinging Strike 0-2: Ball 1-2: Strikes out swinging
|
|
Batting: LHB Duda Pinho
|
0-0: Swinging Strike 0-1: Foul Ball, location: 2F 0-2: Foul Ball, location: 2F 0-2: Strikes out looking
|
|
Batting: SHB Jim Lloyd
|
0-0: Ball 1-0: Ball 2-0: Foul Ball, location: 2F 2-1: Foul Ball, location: 2F 2-2: Ball 3-2: Strikes out swinging
|
| Top of the 5th over - 0 runs, 0 hits, 0 errors, 0 left on base; University of Nebraska 2 - University of Maine 3 |
| BOTTOM OF THE 5TH |
|
University of Maine Black Bears batting - Pitching for University of Nebraska Cornhuskers : RHP David Strom
|
|
Batting: SHB Terrence Bryant
|
0-0: Called Strike 0-1: Ball 1-1: SINGLE (Groundball, 6S, EV 64.4 MPH) (infield hit)
|
|
Batting: RHB Juan Bonilla
|
0-0: Called Strike 0-1: Ball 1-1: Ball Terrence Bryant steals 2nd base 2-1: Fly out, F4 (Popup, 4S, EV 87.5 MPH)
|
|
Batting: RHB Ruben Domingues
|
0-0: Called Strike 0-1: Called Strike 0-2: Ball 1-2: Strikes out swinging
|
|
Pitching: RHP Steve Schneider
|
|
|
Batting: RHB Jeff McClellan
|
0-0: Ball 1-0: Swinging Strike 1-1: Ball 2-1: SINGLE (Groundball, 56D, EV 97.5 MPH) Terrence Bryant to third Runner from 3rd tries for Home, SAFE, throw by LF to home Jeff McClellan to second
|
|
Batting: RHB Konrad van Oosterhout
|
0-0: Swinging Strike 0-1: Foul Ball, location: 2F 0-2: Ball 1-2: Strikes out swinging
|
| Bottom of the 5th over - 1 run, 2 hits, 0 errors, 1 left on base; University of Nebraska 2 - University of Maine 4 |
| TOP OF THE 6TH |
|
University of Nebraska Cornhuskers batting - Pitching for University of Maine Black Bears : RHP Emmanuel Godfrey
|
|
Batting: SHB Karl Starnes
|
0-0: Foul Ball, location: 2F 0-1: Swinging Strike 0-2: Strikes out swinging
|
|
Batting: RHB Jose Zuniga
|
0-0: Swinging Strike 0-1: Swinging Strike 0-2: SINGLE (Line Drive, 9S, EV 93.1 MPH)
|
|
Batting: RHB Francisco Marin
|
0-0: Called Strike 0-1: Foul Ball, location: 2F 0-2: Foul Ball, location: 2F 0-2: Ball 1-2: Ball 2-2: Ball 3-2: Foul Ball, location: 2F 3-2: Foul Ball, location: 2F 3-2: Fielders Choice at 2nd, 4-6 (Groundball, 4, EV 78.8 MPH)
|
|
Pitching: RHP Jordan Martinez
|
|
|
Batting: RHB Hanley Hernandez
|
0-0: Foul Ball, location: 2F 0-1: Foul Ball, location: 2F 0-2: Strikes out swinging
|
| Top of the 6th over - 0 runs, 1 hit, 0 errors, 1 left on base; University of Nebraska 2 - University of Maine 4 |
| BOTTOM OF THE 6TH |
|
University of Maine Black Bears batting - Pitching for University of Nebraska Cornhuskers : RHP Steve Schneider
|
|
Batting: RHB Ignacio Zapata
|
0-0: Called Strike 0-1: Ball 1-1: Called Strike 1-2: Foul Ball, location: 2F 1-2: Strikes out swinging
|
|
Batting: SHB Jeremy Milner
|
0-0: Ball 1-0: Ball 2-0: Ball 3-0: Called Strike 3-1: Base on Balls
|
|
Batting: RHB Jesus Escobedo
|
0-0: SINGLE (Line Drive, 7S, EV 92.5 MPH) Jeremy Milner to second
|
|
Batting: LHB Jeremy Nuzzo
|
0-0: Swinging Strike 0-1: Ball 1-1: Grounds into double play, 4-6-3 (Groundball, 4, EV 90.0 MPH)
|
| Bottom of the 6th over - 0 runs, 1 hit, 0 errors, 1 left on base; University of Nebraska 2 - University of Maine 4 |
| TOP OF THE 7TH |
|
University of Nebraska Cornhuskers batting - Pitching for University of Maine Black Bears : RHP Jordan Martinez
|
|
Pitching: RHP Mark Frizzell
|
|
|
Now at 2B: Drew Coleman
|
|
|
Batting: RHB Doug Thornsberry
|
0-0: Fly out, F8 (Flyball, 89S, EV 90.0 MPH)
|
|
Batting: RHB Malcolm McCauley
|
0-0: Swinging Strike 0-1: Swinging Strike 0-2: Strikes out swinging
|
|
Batting: RHB Hsien-feng Que
|
0-0: Called Strike 0-1: Called Strike 0-2: Foul Ball, location: 2F 0-2: Ball 1-2: SINGLE (Groundball, 6S, EV 71.9 MPH) (infield hit)
|
|
Batting: LHB Duda Pinho
|
0-0: Ball 1-0: Foul Ball, location: 2F 1-1: Fielders Choice at 2nd, 5-4 (Groundball, 5, EV 87.5 MPH)
|
| Top of the 7th over - 0 runs, 1 hit, 0 errors, 1 left on base; University of Nebraska 2 - University of Maine 4 |
| BOTTOM OF THE 7TH |
|
University of Maine Black Bears batting - Pitching for University of Nebraska Cornhuskers : RHP Steve Schneider
|
|
Pitching: RHP Cheng-qian Shuai
|
|
|
Batting: SHB Terrence Bryant
|
0-0: Called Strike 0-1: SOLO HOME RUN (Flyball, 89XD, EV 103.8 MPH), Distance : 432 ft
|
|
Batting: RHB Juan Bonilla
|
0-0: Called Strike 0-1: Ball 1-1: Ball 2-1: Foul Ball, location: 2F 2-2: Ground out 5-3 (Groundball, 56S, EV 83.8 MPH)
|
|
Pinch Hitting: RHB Wataru Tani
|
0-0: Ground out 6-3 (Groundball, 6, EV 102.5 MPH)
|
|
Batting: RHB Jeff McClellan
|
0-0: Swinging Strike 0-1: Ball 1-1: Called Strike 1-2: DOUBLE (Line Drive, 89M, EV 108.1 MPH)
|
|
Batting: RHB Konrad van Oosterhout
|
0-0: Ball 1-0: Fly out, F7 (Flyball, 78D, EV 76.2 MPH)
|
| Bottom of the 7th over - 1 run, 2 hits, 0 errors, 1 left on base; University of Nebraska 2 - University of Maine 5 |
| TOP OF THE 8TH |
|
University of Nebraska Cornhuskers batting - Pitching for University of Maine Black Bears : RHP Mark Frizzell
|
|
Now at SS: Jose Simental
|
|
|
Now in CF: Wataru Tani
|
|
|
Batting: SHB Jim Lloyd
|
0-0: Ball 1-0: Foul Ball, location: 2F 1-1: Ball 2-1: Swinging Strike 2-2: Foul Ball, location: 2F 2-2: Strikes out swinging, 2-3 out at first.
|
|
Batting: SHB Karl Starnes
|
0-0: Ground out 5-3 (Groundball, 5L, EV 105.0 MPH)
|
|
Batting: RHB Jose Zuniga
|
0-0: Ball 1-0: Called Strike 1-1: Ball 2-1: Swinging Strike 2-2: Strikes out swinging
|
| Top of the 8th over - 0 runs, 0 hits, 0 errors, 0 left on base; University of Nebraska 2 - University of Maine 5 |
| BOTTOM OF THE 8TH |
|
University of Maine Black Bears batting - Pitching for University of Nebraska Cornhuskers : RHP Cheng-qian Shuai
|
|
Pitching: RHP Carlos Guerrero
|
|
|
Pinch Hitting: RHB Ivan Navar
|
0-0: Ball 1-0: Fly out, F8 (Flyball, 8RS, EV 93.1 MPH)
|
|
Batting: RHB Drew Coleman
|
0-0: Fly out, F6 (Line Drive, 6, EV 65.6 MPH)
|
|
Pinch Hitting: RHB Eddie Dimas
|
0-0: Ball 1-0: Called Strike 1-1: Foul Ball, location: 2F 1-2: Ball 2-2: Fly out, F5 (Flyball, 5D, EV 85.0 MPH)
|
| Bottom of the 8th over - 0 runs, 0 hits, 0 errors, 0 left on base; University of Nebraska 2 - University of Maine 5 |
| TOP OF THE 9TH |
|
University of Nebraska Cornhuskers batting - Pitching for University of Maine Black Bears : RHP Mark Frizzell
|
|
Pitching: RHP Jason Barber
|
|
|
Now at 1B: Alvin Garcia
|
|
|
Now in RF: Ivan Navar
|
|
|
Batting: RHB Francisco Marin
|
0-0: Ball 1-0: Called Strike 1-1: Called Strike 1-2: Strikes out swinging
|
|
Pinch Hitting: LHB Jerry Santana
|
0-0: Foul Ball, location: 2F 0-1: Called Strike 0-2: SINGLE (Groundball, 4D, EV 96.9 MPH)
|
|
Pinch Hitting: LHB Jessie McDonough
|
0-0: Ball 1-0: Called Strike 1-1: SINGLE (Groundball, 6M, EV 83.1 MPH) (infield hit) Jerry Santana to second
|
|
Pinch Hitting: RHB Isdel Alvarez
|
0-0: Ball 1-0: Ball 2-0: Called Strike 2-1: Foul Ball, location: 2F 2-2: SINGLE (Groundball, 4MD, EV 106.9 MPH) Jerry Santana to third Jessie McDonough to second
|
|
Pinch Hitting: RHB Yuusei Narita
|
0-0: Ball 1-0: Ball 2-0: Fielders Choice at 2nd, 5-4 (Groundball, 56, EV 102.5 MPH) Jerry Santana scores Jessie McDonough to third
|
|
Pinch Hitting: SHB Omar Cervantes
|
0-0: Called Strike 0-1: Ball 1-1: Ball 2-1: Foul Ball, location: 2F 2-2: Strikes out swinging
|
| Top of the 9th over - 1 run, 3 hits, 0 errors, 2 left on base; University of Nebraska 3 - University of Maine 5 |
|